 Dungeon Sprint DCSS version 0.18.1-6-gd335043 (webtiles) character file.

11093 Hipnos the Ninja (level 11, -11/62 HPs)
             Began as a Spriggan Assassin on May 15, 2016.
             Was the Champion of Dithmenos.
             Killed from afar by a white draconian (26 damage)
             ... with a chilling blast
             ... in the Dungeon (Sprint V: "Ziggurat Sprint").
             The game lasted 00:11:55 (1149 turns).

Hipnos the Ninja (Spriggan Assassin)                Turns: 1149, Time: 00:11:55

Health: -11/62     AC: 24    Str:  8    XL:     11   Next: 44%
Magic:  23/23      EV: 21    Int: 12    God:    Dithmenos [******]
Gold:   0          SH:  0    Dex: 38    Spells: 1 memorised, 19 levels left

rFire  . . .     SeeInvis +     J - +5 dagger (protect)
rCold  . . .     Gourm    .     I - +5 shadow dragon armour
rNeg   . . .     Faith    .     (shield restricted)
rPois  .         Spirit   .     (helmet restricted)
rElec  .         Dismiss  .     d - +0 cloak
rCorr  .         Reflect  .     (gloves unavailable)
SustAt .         Harm     .     (boots unavailable)
MR     +....     NoTele   +     (no amulet)
Stlth  ++++++++++               C - +6 ring of dexterity
                                B - +6 ring of dexterity

@: agile, very slightly contaminated, hasted, wreathed by umbra, studying Short
Blades, very quick, somewhat resistant to hostile enchantments, uncannily
stealthy
A: unfitting armour, see invisible, herbivore 3, speed 3, slow metabolism 2
a: Shadow Step, Shadow Form, Renounce Religion


You were in the Dungeon.
You worshipped Dithmenos.
Dithmenos was exalted by your worship.
You were not hungry.

You visited 1 branch

Inventory:

Hand Weapons
 a - a +2 dagger
 b - a +0 blowgun
 J - a +5 dagger of protection (weapon)
 K - a +5 quick blade
 Y - the +4 rapier of the Big Bang {flame, rPois MP+9 Int-5 Stlth+}
   (You found it in the Dungeon)

   It has been specially enchanted to burn those struck by it, causing extra
   injury to most foes and up to half again as much damage against particularly
   susceptible opponents.
   It affects your intelligence (-5).
   It protects you from poison.
   It affects your magic capacity (+9).
   It makes you more stealthy.
   Dithmenos disapproves of the use of such an item.
Missiles
 e - 8 poisoned needles
 f - 2 curare-tipped needles
Armour
 c - a +0 robe
 d - a +0 cloak (worn)
 I - a +5 shadow dragon armour (worn)
Rods
 R - a +4 rod of inaccuracy (10/10)
   (You found it in the Dungeon)
Jewellery
 o - a +4 ring of protection
 q - an uncursed ring of protection from magic
 B - a +6 ring of dexterity (left hand)
 C - a +6 ring of dexterity (right hand)
 D - a +6 ring of intelligence
 E - a +6 ring of intelligence
 F - a +6 ring of strength
 G - a +6 ring of strength
 H - an uncursed ring of flight
 T - an uncursed ring of fire
 U - a +5 ring of strength
 V - a +5 ring of protection
 W - a cursed ring of protection from magic
Wands
 L - a wand of disintegration (7/24)
 M - a wand of iceblast (5/15)
 N - a wand of lightning (5/15)
 O - a wand of acid (5/15)
Scrolls
 t - 4 scrolls of amnesia
 u - 4 scrolls of recharging
 v - 7 scrolls of fog
 x - 5 scrolls of identify
 y - 5 scrolls of remove curse
 z - a scroll of fear
Potions
 h - 10 potions of curing
 i - 6 potions of heal wounds
 j - 4 potions of haste
 k - 7 potions of magic
 l - 2 potions of berserk rage
 n - 2 potions of brilliance
 p - 4 potions of resistance
 r - 4 potions of agility
 s - 5 potions of might
Books
 P - the Reference Book on Transmutation and Confrontation
   (You found it in the Dungeon)

   Spells                             Type                      Level
   a - Sticks to Snakes               Transmutation                2
   b - Static Discharge               Conjuration/Air              3
   c - Ignite Poison                  Fire/Transmutation/Poison    3
   d - Conjure Ball Lightning         Conjuration/Air              6
 S - a book of Burglary

   Spells                             Type                      Level
   a - Swiftness                      Charms/Air                   2
   b - Passwall                       Transmutation/Earth          2
   c - Passage of Golubria            Translocation                4
   d - Lee's Rapid Deconstruction     Earth                        5
   e - Darkness                       Hexes                        6
   f - Invisibility                   Hexes                        6
 X - a manual of Short Blades
Miscellaneous
 Q - a plain deck of wonders
Comestibles
 g - 5 bread rations
 A - 42 fruits


   Skills:
 - Level 9.2 Fighting
 + Level 9.1 Short Blades
 - Level 2.0 Throwing
 + Level 6.8 Armour
 + Level 13.5 Dodging
 O Level 27 Stealth
 * Level 7.7 Spellcasting
 * Level 7.4 Hexes


You had 19 spell levels left.
You knew the following spells:

 Your Spells              Type           Power        Failure   Level  Hunger
a - Invisibility          Hex            ###.....     100%        6    #######


Dungeon Overview and Level Annotations

Branches:
Dungeon (1/1)

Altars:
Ashenzari
Cheibriados
Dithmenos
Elyvilon
Fedhas
Gozag
Kikubaaqudgha
Makhleb
Nemelex Xobeh
Okawaru
Pakellas
Qazlal
Ru
Sif Muna
Trog
Vehumet
Xom
Yredelemnul
Zin
The Shining One
Beogh
Jiyva
Lugonu


Innate Abilities, Weirdness & Mutations

You are tiny and cannot use many weapons and most armour.
You have supernaturally acute eyesight.
You are a herbivore.
You cover ground extremely quickly.
You need consume almost no food.


Message History

The mottled draconian scorcher looks frightened!
The black draconian looks frightened!
The green draconian looks frightened!
The yellow draconian looks frightened!
The yellow draconian resists with some effort.
The red draconian looks frightened!
The white draconian resists with some effort.
The white draconian looks frightened!
The purple draconian knight resists with almost no effort.
The purple draconian zealot resists with almost no effort.
The purple draconian knight hits you but does no damage.
The white draconian gives up.
Read which item? (? for menu, Esc to quit)
Okay, then.
The mottled draconian cowers, then darts away.
The purple draconian hits you from afar with a trident.
* * * LOW HITPOINT WARNING * * *
You see here an uncursed ring of stealth.
The white draconian breathes frost at you.
The chilling blast hits you!
You die...

▓.....▓.... ▓▓▓▓▓▓▓▓▓▓▓▓
▓..8©8...▓..
▓..)))...▓..
▓...)....▓..
▓▓▓▓▓▓▓▓▓▓▓▓▓........▓..
▓....8©8.q..▓........▓..
▓..})::d=§dd▓.▓....▓.▓..
▓...)|:@=§.d▓........▓..
▓........q§§▓▓▓▓▓▓▓▓▓▓▓▓
▓........q§d▓§§X8©8...▓.
▓.......d§§d▓§§55)=...▓.
▓........§dd▓X5X§§!...▓.
▓..▓.....▓d.▓.5§§§....▓.
▓.▓.▓...▓.▓.▓..§§.....▓.
▓..▓.....▓..▓.........▓.
▓...........▓.........▓.


You could see a purple draconian knight, a black draconian (fleeing), a mottled
draconian (fleeing), a purple draconian, a red draconian (fleeing), 3
draconians, a purple draconian zealot and a mottled draconian scorcher
(fleeing).

Vanquished Creatures
  A death cob (D)
  A black draconian (D)
  2 purple draconians (D)
  A death ooze (D)
  A great orb of eyes (D)
  A large abomination (D)
  A cyclops (D)
  2 draconians (D)
  A black mamba (D)
  2 eyes of devastation (D)
  9 merfolk (D)
  3 slime creatures (D)
  A naga (D)
  A water moccasin (D)
  A jelly (D)
  An iron imp (D)
  A mummy (D)
  3 adders (D)
  A white imp (D)
  An ufetubus (D)
  2 oozes (D)
  5 ball pythons (D)
42 creatures vanquished.

Notes
Turn   | Place    | Note
--------------------------------------------------------------
     0 | D        | Hipnos the Spriggan Assassin began the quest for the Orb.
     0 | D        | Reached XP level 1. HP: 10/10 MP: 2/2
     0 | D        | Found a viscous altar of Jiyva.
     0 | D        | Found a roughly hewn altar of Beogh.
     0 | D        | Found a corrupted altar of Lugonu.
     0 | D        | Found a white marble altar of Elyvilon.
     0 | D        | Found a sparkling altar of Nemelex Xobeh.
     2 | D        | Found a burning altar of Makhleb.
     2 | D        | Found a deep blue altar of Sif Muna.
     2 | D        | Found an iron altar of Okawaru.
     2 | D        | Found a bloodstained altar of Trog.
     2 | D        | Found a radiant altar of Vehumet.
     2 | D        | Found a shimmering altar of Xom.
    42 | D        | Became a worshipper of Dithmenos the Shadowed
    59 | D        | Reached skill level 9 in Stealth
    59 | D        | Reached XP level 2. HP: 16/16 MP: 3/3
    68 | D        | Entered arena 1.
    77 | D        | Identified the Reference Book on Transmutation and Confrontation (You found it in the Dungeon)
    79 | D        | Entered arena 2.
    79 | D        | Noticed a naga
    95 | D        | Reached * piety under Dithmenos
    95 | D        | Reached skill level 10 in Stealth
    99 | D        | Killed a naga
    99 | D        | Reached skill level 5 in Dodging
    99 | D        | Reached skill level 14 in Stealth
    99 | D        | Reached XP level 3. HP: 6/20 MP: 4/4
    99 | D        | Reached XP level 4. HP: 7/24 MP: 5/5
    99 | D        | Reached XP level 5. HP: 8/28 MP: 6/6
   391 | D        | Entered arena 3.
   391 | D        | Noticed a large abomination
   395 | D        | Reached ** piety under Dithmenos
   398 | D        | Killed a large abomination
   398 | D        | Reached skill level 5 in Short Blades
   398 | D        | Reached skill level 20 in Stealth
   398 | D        | Reached XP level 6. HP: 33/33 MP: 7/7
   398 | D        | Reached XP level 7. HP: 37/37 MP: 8/8
   399 | D        | Reached skill level 21 in Stealth
   404 | D        | Entered arena 4.
   404 | D        | Noticed a merfolk
   404 | D        | Noticed a merfolk
   404 | D        | Noticed a merfolk
   404 | D        | Noticed a merfolk
   408 | D        | Killed a merfolk
   408 | D        | Reached *** piety under Dithmenos
   410 | D        | Killed a merfolk
   410 | D        | Reached skill level 22 in Stealth
   410 | D        | Reached XP level 8. HP: 42/42 MP: 9/9
   411 | D        | Killed a merfolk
   411 | D        | Reached skill level 23 in Stealth
   412 | D        | Killed a merfolk
   420 | D        | Entered arena 5.
   420 | D        | Noticed a merfolk
   420 | D        | Noticed a merfolk
   420 | D        | Noticed a merfolk
   420 | D        | Noticed a merfolk
   420 | D        | Noticed a merfolk
   424 | D        | Killed a merfolk
   424 | D        | Reached **** piety under Dithmenos
   424 | D        | Reached skill level 24 in Stealth
   425 | D        | Killed a merfolk
   425 | D        | Reached skill level 5 in Fighting
   425 | D        | Reached XP level 9. HP: 47/47 MP: 10/10
   427 | D        | Killed a merfolk
   427 | D        | Reached skill level 25 in Stealth
   428 | D        | Killed a merfolk
   429 | D        | Killed a merfolk
   429 | D        | Reached skill level 26 in Stealth
   437 | D        | Entered arena 6.
   437 | D        | Noticed a death cob
   437 | D        | Noticed a purple draconian
   437 | D        | Noticed a purple draconian
   437 | D        | Noticed a draconian
   437 | D        | Noticed a black draconian
   437 | D        | Noticed a draconian
   443 | D        | Killed a black draconian
   443 | D        | Reached skill level 27 in Stealth
   444 | D        | Killed a draconian
   444 | D        | Reached ***** piety under Dithmenos
   444 | D        | Reached skill level 1 in Armour
   444 | D        | Reached XP level 10. HP: 53/53 MP: 11/11
   445 | D        | Killed a draconian
   447 | D        | Killed a purple draconian
   447 | D        | Reached skill level 10 in Dodging
   448 | D        | Killed a purple draconian
   449 | D        | Killed a death cob
   503 | D        | Learned a level 6 spell: Invisibility
   504 | D        | Entered arena 7.
   504 | D        | Noticed a black mamba
   515 | D        | Reached skill level 1 in Spellcasting
   516 | D        | Killed a black mamba
   516 | D        | Reached XP level 11. HP: 60/60 MP: 11/16
   562 | D        | Entered arena 8.
   562 | D        | Noticed a thrashing horror
   580 | D        | Entered arena 9.
   585 | D        | Entered arena 10.
   585 | D        | Noticed a spriggan rider
   585 | D        | Noticed a spriggan rider
   585 | D        | Noticed a spriggan rider
   585 | D        | Noticed a spriggan rider
   591 | D        | Entered arena 11.
   591 | D        | Noticed a death ooze
   592 | D        | Noticed a great orb of eyes
   600 | D        | Killed a death ooze
   600 | D        | Reached skill level 5 in Spellcasting
   602 | D        | Reached ****** piety under Dithmenos
   602 | D        | Reached skill level 5 in Hexes
   603 | D        | Killed a great orb of eyes
   709 | D        | Got the +4 rapier of the Big Bang {flame, rPois MP+9 Int-5 Stlth+}
   756 | D        | Entered arena 12.
   756 | D        | Noticed an orc sorcerer
   756 | D        | Noticed an ettin
   757 | D        | Noticed an orc knight
   765 | D        | Entered arena 13.
   766 | D        | Noticed a death scarab
   766 | D        | Noticed a mummy priest
   781 | D        | Noticed a flayed ghost
   806 | D        | Entered arena 14.
  1120 | D        | Noticed a red draconian
  1120 | D        | Noticed a white draconian
  1120 | D        | Noticed a white draconian
  1120 | D        | Noticed a purple draconian knight
  1120 | D        | Noticed a purple draconian zealot
  1121 | D        | Noticed a white draconian
  1121 | D        | Noticed a mottled draconian
  1121 | D        | Noticed a mottled draconian scorcher
  1121 | D        | Noticed a black draconian
  1121 | D        | Noticed a green draconian
  1121 | D        | Noticed a yellow draconian
  1121 | D        | Noticed a purple draconian
  1121 | D        | Noticed a yellow draconian
  1149 | D        | Killed from afar by a white draconian

Skill      XL: |  1  2  3  4  5  6  7  8  9 10 11 |
---------------+----------------------------------+-----
Fighting       | 3 4 5 6 8 9 |  9.2
Short Blades   | 4 5 6 7 8 9 |  9.1
Dodging        | 4 5 7 13 | 13.5
Stealth        | 9 14 20 22 24 27 | 27.0
Armour         | 1 6 |  6.8
Spellcasting   | 2 7 |  7.7
Hexes          | 2 7 |  7.4
Throwing       | |  2.0

Action                   |  1- 3 |  4- 6 |  7- 9 | 10-12 || total
-------------------------+-------+-------+-------+-------++-------
Melee: Dagger            |    15 |     4 |    12 |    27 ||    58
  Use: Potion            |     4 |     1 |       |     6 ||    11
       Scroll            |       |       |       |     8 ||     8
 Stab: Sleeping          |     2 |     3 |    11 |    22 ||    38
       Invisible         |       |       |     1 |       ||     1
Armor: Shadow dragon arm |    13 |     1 |       |    20 ||    34
Dodge: Dodged            |    18 |     1 |     1 |    47 ||    67
